AoeStats
← Focanegra11

Arabia

509204017Analyzed
2v2 RM · 7d ago on Sep 25, 2026· 38m 2s· 4 players
Game mode
Random Map
Map size
Medium (4 player)
Population
200
Speed
Normal
Resources
Standard
Victory
Conquest
Starting age
Dark Age
Ending age
Imperial Age
RankedLock teamsTeams togetherTeam positionsShared explorationLock speedFull tech treeHidden civsTurbo modeCheats
Victory
Defeat
🇦🇷 Mongols · Argentina
1172
+14
🇦🇷 Teutons · Argentina
1159
+15
🇺🇾 Aztecs · Uruguay
1152
-15
🇺🇾 Saracens · Uruguay
1116
-14
Focanegra11
10:31 Feudal Age
10:45 Loom
11:08 Double-Bit Axe
19:05 Horse Collar
19:40 Padded Archer Armor
20:52 Fletching
25:20 Castle Age
23:33 Gold Mining
24:02 Scale Barding Armor
24:03 Stone Mining
25:46 Bloodlines
26:03 Elite Skirmisher
27:17 Chain Barding Armor
32:48 Wheelbarrow
37:52 Forging
DiegoBS
9:56 Loom
13:07 Feudal Age
14:31 Double-Bit Axe
17:16 Wheelbarrow
16:24 Horse Collar
20:49 Castle Age
19:29 Stone Mining
20:14 Forging
20:05 Scale Mail Armor
21:34 Pikeman
22:14 Squires
27:58 Bow Saw
27:58 Heavy Plow
sano.corley
6:32 Loom
9:50 Feudal Age
10:26 Double-Bit Axe
14:16 Horse Collar
15:58 Wheelbarrow
20:25 Castle Age
18:53 Scale Barding Armor
18:55 Gold Mining
20:15 Forging
20:31 Bloodlines
25:21 Chain Barding Armor
26:43 Iron Casting
29:09 Hand Cart
29:11 Bow Saw
35:44 Imperial Age
35:22 Heavy Plow
35:18 Town Watch
35:52 Cavalier
37:09 Plate Barding Armor
37:38 Two-Man Saw
37:09 Crop Rotation
38:02 Chemistry
37:57 Masonry
Podwill
6:52 Loom
9:42 Feudal Age
14:46 Fletching
19:44 Double-Bit Axe
21:48 Horse Collar
24:30 Castle Age
22:49 Gold Mining
24:27 Wheelbarrow
24:38 Crossbowman
25:21 Bodkin Arrow
25:59 Padded Archer Armor
25:59 Town Watch
28:54 Bow Saw
28:51 Heavy Plow
30:40 Gold Shaft Mining
31:32 Thumb Ring
35:37 Ballistics
41:07 Imperial Age
Connection lost

Rejoining the realm…

Still unreachable

The connection could not be restored.

Session expired

The server has moved on; the page needs a fresh start.